 Dungeon Crawl Stone Soup version 0.21.1-1-g345015f (webtiles) character file.

133 Monsterracer the Cudgeler (level 5, -7/42 HPs)
             Began as a Gnoll Chaos Knight on Feb 15, 2018.
             Mangled by Grinder (10 damage)
             ... on level 3 of the Dungeon.
             The game lasted 00:02:16 (1595 turns).

Monsterracer the Cudgeler (Gnoll Chaos Knight)      Turns: 1595, Time: 00:02:16

Health: -7/42      AC:  5    Str: 20    XL:     5   Next: 16%
Magic:  7/7        EV: 18    Int: 19    God:    Xom [......]
Gold:   115        SH:  0    Dex: 20    Spells: 6/6 levels left

rFire    + . .     SeeInvis .   a - +0 flail (crush)
rCold    + . .     Gourm    .   (no shield)
rNeg     . . .     Faith    .   b - +2 leather armour
rPois    +         Spirit   .   (no helmet)
rElec    +         Reflect  .   (no cloak)
rCorr    +         Harm     .   j - -1 pair of gloves (curse)
MR       .....                  (no boots)
Stlth    +++.......             (no amulet)
HPRegen  0.14/turn              (no ring)
MPRegen  0.10/turn              (no ring)

@: mighty, brilliant, agile, resistant, cleaving
A: distributed training, fangs 1, frail 1, strong nose
a: Renounce Religion


You were on level 3 of the Dungeon.
You worshipped Xom.
You were a very special plaything of Xom.
You were not hungry.

You visited 1 branch of the dungeon, and saw 3 of its levels.

You collected 115 gold pieces.

Inventory:

Hand Weapons
 a - a +0 flail of crushing (weapon)
Armour
 b - a +2 leather armour (worn)
 j - a cursed -1 pair of gloves (worn)
Scrolls
 d - 2 scrolls of enchant armour {unknown}
 g - 2 scrolls of teleportation {unknown}
 h - a scroll of fear {unknown}
 i - a scroll of amnesia {unknown}
 l - a scroll of magic mapping {unknown}
 m - 5 scrolls of remove curse {unknown}
 o - a scroll of immolation {unknown}
Potions
 f - a potion of might
 k - a potion of agility
Comestibles
 c - 2 rations


   Skills:
 + Level 6.6 Fighting
 + Level 1.3 Short Blades
 + Level 1.3 Long Blades
 + Level 1.3 Axes
 + Level 6.6 Maces & Flails
 + Level 1.3 Polearms
 + Level 1.3 Staves
 + Level 1.3 Slings
 + Level 1.3 Bows
 + Level 1.3 Crossbows
 + Level 1.3 Throwing
 + Level 4.7 Armour
 + Level 2.9 Dodging
 + Level 1.3 Stealth
 + Level 1.3 Shields
 + Level 1.3 Unarmed Combat
 + Level 1.3 Spellcasting
 + Level 1.1 Conjurations
 + Level 1.1 Hexes
 + Level 1.1 Charms
 + Level 1.1 Summonings
 + Level 1.1 Necromancy
 + Level 1.1 Translocations
 + Level 1.1 Transmutations
 + Level 1.1 Fire Magic
 + Level 1.1 Ice Magic
 + Level 1.1 Air Magic
 + Level 1.1 Earth Magic
 + Level 1.1 Poison Magic
 + Level 1.5 Invocations
 + Level 1.3 Evocations


You had 6 spell levels left.
You didn't know any spells.

Dungeon Overview and Level Annotations

Branches:
Dungeon (3/15)

Altars:
Kikubaaqudgha
Qazlal
Vehumet

Annotations:
D:3 Grinder


Innate Abilities, Weirdness & Mutations

Your experience applies equally to all skills.
You have very sharp teeth.
Your uncanny sense of smell can sniff out nearby items.
You are frail. (-10% HP)


Message History

You kill the orc wizard!
You have reached level 5!
You regained 6 hp, and now have 40/42 hp.
HP restored.
Magic restored.
Things that are here:
a dagger; a robe; an orc corpse; Health restored: 42; MP restored: 7
Found a stone staircase leading down.
You now have 115 gold pieces (gained 10).
No target in view!
Found a stone staircase leading down.
No target in view!
Found a hunting sling.
An orc comes into view. It is wielding a hand axe.
There is a stone staircase leading down here.
An orc is nearby!
Grinder comes into view.
Grinder shouts!
There are monsters nearby!
You hit the orc.
The orc is heavily wounded.
The orc barely misses you.
There are monsters nearby!
You sock the orc!
You kill the orc!
Grinder barely misses you.
Things that are here:
a hand axe; a scale mail; an orc corpse You hit Grinder.
Grinder is lightly wounded.
Grinder hits you.
You take 2 damage, and have 40/42 hp.
You hit Grinder.
Grinder is moderately wounded.
Grinder barely misses you.
You hit Grinder.
Grinder is moderately wounded.
Grinder blinks!
Grinder gestures at you. Pain shoots through your body!
Grinder gestures at you. Pain shoots through your body!
You take 16 damage, and have 24/42 hp.
MASSIVE DAMAGE!!
You are too injured to fight recklessly!
Grinder gestures at you.
You suddenly lose the ability to move!
Grinder says, "Tell me all your secrets, or I'll kill you."
Xom asks Qazlal to spice things up a little.
Grinder hits you!
* * * LOW HITPOINT WARNING * * *
You are engulfed in seething chaos.
Xom grants you a minor favour.
Your +0 flail of crushing looks sharp.
Grinder is engulfed in seething chaos.
Grinder rolls her eyes.
Grinder hits you.
* * * LOW HITPOINT WARNING * * *
You writhe in agony.
* * * LOW HITPOINT WARNING * * *
You are engulfed in seething chaos.
Grinder is engulfed in seething chaos.
Grinder gestures at you.
You barely resist.
You are engulfed in seething chaos.
Grinder is engulfed in seething chaos.
Grinder hits you.
* * * LOW HITPOINT WARNING * * *
You writhe in agony.
* * * LOW HITPOINT WARNING * * *
You can move again.
You take 19 damage, and have 5/42 hp.
MASSIVE DAMAGE!!
Char dumped successfully.
You are engulfed in seething chaos.
Grinder is engulfed in seething chaos.
You are engulfed in seething chaos.
Grinder is engulfed in seething chaos.
Grinder closely misses you.
Grinder is engulfed in seething chaos.
Things that are here:
a hand axe; a scale mail; an orc corpse Grinder is engulfed in seething chaos.
Grinder seems to speed up.
Grinder gestures at you. Pain shoots through your body!
* * * LOW HITPOINT WARNING * * *
You take 4 damage, and have 2/42 hp.
It was a potion of might.
You feel very mighty all of a sudden.
Xom thinks this is hilarious!
Grinder is engulfed in seething chaos.
Grinder misses you.
It was a potion of agility.
You feel agile all of a sudden.
Grinder blinks!
It was a potion of resistance.
You feel protected.
Grinder is engulfed in seething chaos.
Grinder seems to slow down.
Grinder is engulfed in seething chaos.
It was a potion of brilliance.
You feel clever all of a sudden.
Xom roars with laughter!
You sock Grinder! Your bite misses Grinder.
Grinder is severely wounded.
Grinder hits you!
You die...
Xom titters!

∆ #.# ### #.# ..#
#.# #.# ##### #.#
#.# ...# #.# #.#
###§###.##### #<#
#.§§§.....>.# #)#
#.#§..5@>...###)#
# #####.##......#
#.##.###..#
#.#..# #..#
#.#.## #..# #...
.... .... ##..#
##.) ...# #.. #.#


You could see Grinder.

Vanquished Creatures
  An orc priest (D:3)
  An orc wizard (D:3)
  Terence (D:2)
  An adder (D:3)
  4 orcs (D:3)
  5 bats (D:1)
  2 giant cockroaches (D:1)
  4 goblins
  7 hobgoblins
  A ball python (D:1)
  2 frilled lizards (D:1)
  4 kobolds (D:1)
  6 rats
39 creatures vanquished.

Notes
Turn   | Place    | Note
-------+----------+-------------------------------------------
     0 | D:1      | Monsterracer the Gnoll Chaos Knight began the quest for the Orb.
     0 | D:1      | Reached XP level 1. HP: 23/23 MP: 1/1
   129 | D:1      | Reached XP level 2. HP: 29/29 MP: 2/2
   228 | D:1      | XOM: divination: detect items
   664 | D:1      | Reached XP level 3. HP: 30/35 MP: 3/3
   902 | D:2      | Noticed Terence
   922 | D:2      | Killed Terence
   922 | D:2      | Reached skill level 1 in Short Blades
   922 | D:2      | Reached skill level 1 in Long Blades
   922 | D:2      | Reached skill level 1 in Axes
   922 | D:2      | Reached skill level 1 in Polearms
   922 | D:2      | Reached skill level 1 in Staves
   922 | D:2      | Reached skill level 1 in Slings
   922 | D:2      | Reached skill level 1 in Bows
   922 | D:2      | Reached skill level 1 in Crossbows
   922 | D:2      | Reached skill level 1 in Throwing
   922 | D:2      | Reached skill level 1 in Stealth
   922 | D:2      | Reached skill level 1 in Shields
   922 | D:2      | Reached skill level 1 in Unarmed Combat
   922 | D:2      | Reached skill level 1 in Spellcasting
   922 | D:2      | Reached skill level 1 in Invocations
   922 | D:2      | Reached skill level 1 in Evocations
   941 | D:2      | XOM: divination: detect creatures
  1019 | D:2      | XOM: harmless Ice miscast
  1103 | D:2      | XOM: cloud trail
  1219 | D:2      | Gained mutation: You are frail. (-10% HP) [mutagenic glow]
  1336 | D:2      | Reached XP level 4. HP: 36/36 MP: 5/5
  1403 | D:2      | Found an ancient bone altar of Kikubaaqudgha.
  1423 | D:2      | Found a radiant altar of Vehumet.
  1433 | D:2      | Found a stormy altar of Qazlal.
  1453 | D:2      | XOM: stat loss: -1 Int (13/14)
  1533 | D:3      | Reached skill level 1 in Conjurations
  1533 | D:3      | Reached skill level 1 in Hexes
  1533 | D:3      | Reached skill level 1 in Charms
  1533 | D:3      | Reached skill level 1 in Summonings
  1533 | D:3      | Reached skill level 1 in Necromancy
  1533 | D:3      | Reached skill level 1 in Translocations
  1533 | D:3      | Reached skill level 1 in Transmutations
  1533 | D:3      | Reached skill level 1 in Fire Magic
  1533 | D:3      | Reached skill level 1 in Ice Magic
  1533 | D:3      | Reached skill level 1 in Air Magic
  1533 | D:3      | Reached skill level 1 in Earth Magic
  1533 | D:3      | Reached skill level 1 in Poison Magic
  1543 | D:3      | Reached XP level 5. HP: 40/42 MP: 5/7
  1572 | D:3      | Noticed Grinder
  1581 | D:3      | Paralysed by Grinder for 6 turns
  1583 | D:3      | XOM: chaos cloud
  1583 | D:3      | HP: 18/42 [Grinder (7)]
  1584 | D:3      | XOM: cleaving
  1586 | D:3      | HP: 5/42 [Grinder (6)]
  1590 | D:3      | HP: 2/42 [Grinder/nerve-wracking pain (4)]
  1595 | D:3      | Mangled by Grinder

Skill      XL: |  1  2  3  4 |
---------------+-------------+-----
Short Blades   | 1 |  1.3
Long Blades    | 1 |  1.3
Axes           | 1 |  1.3
Polearms       | 1 |  1.3
Staves         | 1 |  1.3
Slings         | 1 |  1.3
Bows           | 1 |  1.3
Crossbows      | 1 |  1.3
Throwing       | 1 |  1.3
Stealth        | 1 |  1.3
Shields        | 1 |  1.3
Unarmed Combat | 1 |  1.3
Spellcasting   | 1 |  1.3
Invocations    | 1 |  1.5
Evocations     | 1 |  1.3
Conjurations   | 1 |  1.1
Hexes          | 1 |  1.1
Charms         | 1 |  1.1
Summonings     | 1 |  1.1
Necromancy     | 1 |  1.1
Translocations | 1 |  1.1
Transmutations | 1 |  1.1
Fire Magic     | 1 |  1.1
Ice Magic      | 1 |  1.1
Air Magic      | 1 |  1.1
Earth Magic    | 1 |  1.1
Poison Magic   | 1 |  1.1
Fighting       | |  6.6
Maces & Flails | |  6.6
Armour         | |  4.7
Dodging        | |  2.9

Action                   |  1- 3 |  4- 6 || total
-------------------------+-------+-------++-------
Melee: Mace              |    69 |       ||    69
       Bite              |     2 |     1 ||     3
       Flail             |     5 |    24 ||    29
  Use: Potion            |       |     4 ||     4
 Stab: Sleeping          |     1 |       ||     1
  Eat: Chunk             |     1 |     1 ||     2
Armor: Leather armour    |    21 |     5 ||    26
Dodge: Dodged            |    43 |    12 ||    55

Vault maps used:
D:1:      eino_arrival_cavern_a
D:2:      lemuel_crystal_altar, minitemple, uniq_terence
D:3:      serial_bayou_crossing, uniq_grinder
